 Dungeon Crawl Stone Soup version 0.27.1-1-g398f81649c (webtiles) character file.

Game seed: 9699553349451687070

417 ZARRMARR the Ducker (level 6, -4/44 HPs)
             Began as an Octopode Conjurer on Sept 13, 2021.
             Slain by a wyvern zombie (10 damage)
             ... on level 5 of the Dungeon.
             The game lasted 00:11:10 (6277 turns).

ZARRMARR the Ducker (Octopode Conjurer)             Turns: 6277, Time: 00:11:12

Health: -4/44      AC:  1    Str:  7    XL:     6   Next: 92%
Magic:  7/9        EV: 14    Int: 22    God:
Gold:   175        SH:  0    Dex: 10    Spells: 8/9 levels left

rFire    . . .     SeeInvis .   (no weapon)
rCold    . . .     Faith    .   (no shield)
rNeg     . . .     Spirit   .   (helmet restricted)
rPois    .         Reflect  .   (no amulet)
rElec    .         Harm     .   k - ring of willpower
rCorr    .         Rampage  .   (no ring)
Will     +....                  (no ring)
Stlth    +++.......             (no ring)
HPRegen  0.14/turn              (no ring)
MPRegen  0.11/turn              (no ring)
                                (no ring)
                                (no ring)

@: about to teleport
A: almost no armour, amphibious, 8 rings, camouflage 1, gelatinous body 1,
(nimble swimmer 1), tentacles
a: no special abilities


You were on level 5 of the Dungeon.
You visited 1 branch of the dungeon, and saw 5 of its levels.

You collected 175 gold pieces.

Inventory:

Missiles
 b - 3 boomerangs of dispersal (quivered)
Jewellery
 k - a ring of willpower (left tentacle)
Wands
 i - a wand of flame (14)
Scrolls
 a - 3 scrolls of teleportation
 c - a scroll of vulnerability {unknown}
 d - a scroll of fog
 e - a scroll of enchant armour
 f - 2 scrolls of magic mapping
 g - 2 scrolls of noise {unknown}
 h - a scroll of brand weapon {unknown}
Potions
 j - a potion of lignification {unknown}
 l - a potion of berserk rage {unknown}


   Skills:
 + Level 4.6 Fighting
 + Level 5.2 Dodging
 - Level 2.6 Stealth
 - Level 2.0 Spellcasting
 - Level 4.0 Conjurations


You had 8 spell levels left.
You knew the following spells:

 Your Spells              Type           Power      Damage    Failure   Level
a - Magic Dart            Conj           76%        1d6       2%          1

Your spell library contained the following spells:

 Spells                   Type           Power      Damage    Failure   Level
 Searing Ray              Conj           38%        3d4       4%          2
 Dazzling Flash           Conj/Hex       22%        N/A       19%         3
 Call Imp                 Summ           2%         N/A       21%         2
 Corpse Rot               Necr/Air       N/A        N/A       21%         2
 Poisonous Vapours        Pois/Air       4%         N/A       21%         2
 Mephitic Cloud           Conj/Pois/Air  8%         N/A       24%         3
 Fulminant Prism          Conj/Hex       5%         3d7       52%         4
 Iskenderun's Mystic Bla  Conj/Tloc      11%        2d4       52%         4
 Freezing Cloud           Conj/Ice/Air   4%         6-21      92%         5


Dungeon Overview and Level Annotations

Branches:
Dungeon (5/15)
 Temple: D:4-7

Altars:
Fedhas
Hepliaklqana
Qazlal

Shops:
D:3 (

Annotations:
D:3 exclusion: downstairs
D:4 Edmund
D:5 exclusions: ice beast and upstairs


Innate Abilities, Weirdness & Mutations

You cannot wear most types of armour.
You are amphibious.
You can wear up to eight rings at the same time.
Your skin changes colour to match your surroundings (Stealth+).
Your rubbery body absorbs attacks. (AC +1, EV +1)
((You are camouflaged near water. (Stealth+)))
You have tentacles for arms and can constrict up to eight enemies at once.


Message History

Throw: 8 boomerangs (disperse)
Press: ? - help, Q - select action, (/) - cycle Shift-Dir - straight line, f/p - wyvern zombie
Aim: a wyvern zombie (lightly damaged, 77% to hit)
You throw a boomerang of dispersal.
The boomerang of dispersal hits the wyvern zombie but does no damage.
The wyvern zombie is lightly damaged.
The wyvern zombie bites you!
* * * LOW HITPOINT WARNING * * *
Throw: 7 boomerangs (disperse)
Press: ? - help, Q - select action, (/) - cycle Shift-Dir - straight line, f/p - wyvern zombie
Aim: a wyvern zombie (lightly damaged, 77% to hit)
You throw a boomerang of dispersal.
The boomerang of dispersal hits the wyvern zombie.
The wyvern zombie blinks!
The wyvern zombie is lightly damaged.
Casting: Magic Dart (safe; 2% risk of failure)
Confirm with . or Enter, or press ? or * to list all spells.
Okay, then.
Throw: 6 boomerangs (disperse)
Press: ? - help, Q - select action, (/) - cycle Shift-Dir - straight line, f/p - wyvern zombie
Aim: a wyvern zombie (lightly damaged, 77% to hit)
You throw a boomerang of dispersal.
The boomerang of dispersal hits the wyvern zombie but does no damage.
The wyvern zombie is lightly damaged.
Throw: 5 boomerangs (disperse)
Press: ? - help, Q - select action, (/) - cycle Shift-Dir - straight line, f/p - wyvern zombie
Aim: a wyvern zombie (lightly damaged, 77% to hit)
You throw a boomerang of dispersal.
The boomerang of dispersal hits the wyvern zombie.
The wyvern zombie blinks!
The wyvern zombie is moderately damaged.
As you read the scroll of teleportation, it crumbles to dust.
You feel strangely unstable.
Throw: 4 boomerangs (disperse)
Press: ? - help, Q - select action, (/) - cycle Shift-Dir - straight line, f/p - wyvern zombie
Aim: a wyvern zombie (moderately damaged, 77% to hit)
You throw a boomerang of dispersal.
The boomerang of dispersal barely misses the wyvern zombie.
The wyvern zombie bites you!
You die...

####### ######
#.....##### #....# #.
## #.###.....# #.##.#
.. ... #.# #####.#
#.##.# #. #.## #.# #.#
#.##.# #Z ..# #.#
#.###.##.# #.
#.#.##.#######.....##.#
#. #.#
#.#.##..............
#.#.#
#.@##.###########†#
#..## ##Z##.# #......
#....#Z## ##..##.#
#......
#.#####.###...##.#
#...... # #..#.#####.#
#...... #.#.## #.#
#...... #...# #.#
#...... ###.# #.#
#...... #.#
#.#######......


You could see a wyvern zombie.

Vanquished Creatures
  A bullfrog (D:5)
  A jelly (D:5)
  An orc priest (D:4)
  Jessica (D:3)
  Natasha (thrice) (D:3)
  8 adders
  3 gnolls (D:4)
  An adder zombie (D:3)
  3 worms (D:2)
  3 dart slugs
  2 orcs (D:4)
  7 ball pythons
  5 bats
  7 endoplasms
  4 giant cockroaches
  5 goblins
  12 hobgoblins
  2 jackals (D:4)
  5 kobolds
  4 quokkas
  2 frilled lizards
  5 rats
  A spectral hobgoblin (D:3)
86 creatures vanquished.

Notes
Turn   | Place    | Note
-------+----------+-------------------------------------------
     0 | D:1      | ZARRMARR the Octopode Conjurer began the quest for the Orb.
     0 | D:1      | Reached XP level 1. HP: 11/11 MP: 3/3
   220 | D:1      | Reached skill level 1 in Fighting
   220 | D:1      | Reached XP level 2. HP: 18/18 MP: 0/5
  1083 | D:1      | Found a faded altar of an unknown god.
  1501 | D:2      | Reached XP level 3. HP: 22/23 MP: 4/6
  1706 | D:2      | Reached skill level 3 in Dodging
  2333 | D:2      | Reached XP level 4. HP: 30/30 MP: 3/7
  3334 | D:3      | Noticed Natasha
  3349 | D:3      | Killed Natasha
  3350 | D:3      | Reached XP level 5. HP: 19/36 MP: 3/8
  3614 | D:3      | Found Ynogu's Antique Weapon Shoppe.
  3721 | D:3      | Noticed Jessica
  3728 | D:3      | Killed Jessica
  3729 | D:3      | Reached skill level 4 in Dodging
  3780 | D:3      | Noticed Natasha
  3793 | D:3      | Killed Natasha
  4047 | D:3      | Found a hazy altar of Hepliaklqana.
  4274 | D:3      | Noticed Natasha
  4286 | D:3      | Killed Natasha
  4287 | D:3      | Reached XP level 6. HP: 21/43 MP: 4/9
  4505 | D:4      | Noticed Edmund
  4736 | D:4      | Found a blossoming altar of Fedhas.
  4772 | D:4      | Found a stormy altar of Qazlal.
  5610 | D:5      | Entered Level 5 of the Dungeon
  5970 | D:5      | Reached skill level 5 in Dodging
  6089 | D:5      | Noticed an ice beast
  6277 | D:5      | Slain by a wyvern zombie

Illustrated notes

Levels and vault maps discovered:
D:1:      sevenhm_arrival_forest_fort_large_2, layout_basic,
          ebering_ecumenical_altar_webs, minmay_pentomino_u2
D:2:      layout_loops_corners, serial_bayou_pond_a, grunt_ministairs_6,
          hangedman_decor_push, minmay_quantized
D:3:      layout_rooms, nicolae_hepliaklqana_monster_ancestors, serial_shops,
          nicolae_shop_trees, minmay_misc_feat_x, uniq_natasha, uniq_jessica
D:4:      layout_loops_corners, grunt_temple_overflow_forces_of_nature,
          pf_just_have_faith, nicolae_zen_rock_garden, uniq_edmund
D:5:      layout_loops_ring

Skill      XL: |  1  2  3  4  5  6 |
---------------+-------------------+-----
Fighting       | 1 2 3 4 |  4.6
Dodging        | 3 4 5 |  5.2
Stealth        | |  2.6
Spellcasting   | |  2.0
Conjurations   | |  4.0

Action                   |  1- 3 |  4- 6 || total
-------------------------+-------+-------++-------
Melee: Unarmed           |    23 |   116 ||   139
       Constrict         |     7 |    21 ||    28
       Tentacles         |     3 |    14 ||    17
Throw: Boomerang         |       |     5 ||     5
 Cast: Magic Dart        |    67 |   132 ||   199
  Use: Scroll            |     1 |     4 ||     5
       Potion            |       |     1 ||     1
 Stab: Distracted        |     1 |       ||     1
Armor: Skin              |     1 |     4 ||     5
Dodge: Dodged            |    13 |    87 ||   100
